 Dungeon Crawl Stone Soup version 0.30-a0-568-g124715a40b (webtiles) character file.

Game seed: 1645917179877191435

795 billz999 the Magician (level 8, -2/58 HPs)
             Began as a Djinni Ice Elementalist on Dec 29, 2022.
             Slain by a sky beast (5 damage)
             ... on level 6 of the Dungeon.
             The game lasted 00:09:53 (5003 turns).

billz999 the Magician (Djinni Ice Elementalist)     Turns: 5003, Time: 00:09:54

Health: -2/58      AC:  3    Str: 12 (13) XL:     8   Next: 13%
Gold:   298        EV: 12    Int: 18 (20) God:
                   SH:  0    Dex: 11 (13)

rFire   + + +      SeeInvis .    c - +0 quarterstaff (drain)
rCold   x . .      Faith    +    (shield currently unavailable)
rNeg    . . .      Spirit   .    d - +0 robe {rF+}
rPois   ∞          Reflect  .    (no helmet)
rElec   .          Harm     .    (no cloak)
rCorr   .          Rampage  .    p - +0 pair of gloves
Will    .....                    (boots unavailable)
Stlth   ++                       f - amulet of faith
HPRegen 0.29/turn                q - +6 ring of strength
MPRegen 0.00/turn                (no ring)

@: flying, very slightly contaminated
A: sickness immunity, fire resistance 2, cold vulnerability 1, float, innate
caster, HP casting, extra vitality 1
a: no special abilities


You were on level 6 of the Dungeon.
You visited 1 branch of the dungeon, and saw 6 of its levels.

You collected 298 gold pieces.

Inventory:

Hand Weapons
 c - a +0 quarterstaff of draining (weapon)
Missiles
 i - 5 poisoned darts
 r - a throwing net
Armour
 a - a +0 robe
 d - a +0 robe of fire resistance (worn)
 m - a +0 kite shield
 p - a +0 pair of gloves (worn)
Magical Staves
 k - a staff of conjuration
Jewellery
 f - an amulet of faith (around neck)
 q - a +6 ring of strength (left hand)
Wands
 l - a wand of flame (14)
 n - a wand of roots (8)
Scrolls
 e - a scroll of noise
 g - a scroll of fog
 h - a scroll of immolation
 o - a scroll of teleportation
 s - a scroll of amnesia {unknown}
 u - a scroll of brand weapon {unknown}
 v - a scroll of identify
 w - a scroll of magic mapping {unknown}
Potions
 b - a potion of magic
 j - a potion of lignification {unknown}
 t - a potion of haste {unknown}
 x - a potion of resistance {unknown}


   Skills:
 + Level 4.8 Fighting
 - Level 2.2 Dodging
 - Level 1.6 Stealth
 + Level 4.5 Shields
 - Level 5.0 Spellcasting


You had one spell level left.
You knew the following spells:

 Your Spells              Type           Power      Damage    Failure   Level
a - Freeze                Ice            88%        1d9       1%          1
b - Frozen Ramparts       Ice            44%        1d7       4%          3
c - Ozocubu's Armour      Ice            22%        N/A       4%          3
d - Summon Ice Beast      Ice/Summ       22%        N/A       17%         4
e - Sandblast             Erth           44%        2d11      1%          1
f - Poisonous Vapours     Pois/Air       44%        N/A       2%          2
g - Ensorcelled Hibernat  Hex/Ice        44%        N/A       2%          2
Your spell library was empty.

Dungeon Overview and Level Annotations

Branches:
Dungeon (6/15)
 Temple: D:4-7

Altars:
Cheibriados
Trog
Xom
Yredelemnul

Annotations:
D:5 1 runed translucent door, sokol815's ghost, weakling KoDe


Innate Abilities, Weirdness & Mutations

You are immune to sickness and miasma.
You are immune to poison.
Your flesh is very heat resistant. (rF++)
You are vulnerable to cold. (rC-)
You float through the air rather than walking.
You learn spells naturally, not from books.
Your magical power is your life essence.
You have superior vitality. (+4 MHP)


Message History

The sky beast hits you. The sky beast shocks you.
Casting: Sandblast (safe; 1% risk of failure)
Confirm with . or Enter, or press ? or * to list all spells.
Aiming: Sandblast (safe; 1% risk of failure)
Press: ? - help, Shift-Dir - straight line, f/p - sky beast
Aim: a sky beast (moderately wounded, 76% to hit)
The blast of sand hits the sky beast!
The sky beast is severely wounded.
The frozen ramparts melt away.
The sky beast flickers out of sight!
Deactivating autopickup; reactivate with Ctrl-A.
Something hits you. Something shocks you.
Casting: Sandblast (safe; 1% risk of failure)
Confirm with . or Enter, or press ? or * to list all spells.
Casting: Frozen Ramparts (dangerous; 4% risk of failure)
Press: ? - help, Dir - look around, f - activate A stone staircase leading up.
You miscast Frozen Ramparts.
You are very lightly contaminated with residual magic.
Nothing appears to happen.
Something hits you. Something shocks you.
* * * LOW HITPOINT WARNING * * *
Casting: Frozen Ramparts (dangerous; 4% risk of failure)
Confirm with . or Enter, or press ? or * to list all spells.
Aiming: Sandblast (safe; 1% risk of failure)
Press: ? - help, Shift-Dir - straight line, f - you That would be overly suicidal.
Okay, then.
Unknown command.
Casting: Sandblast (safe; 1% risk of failure)
Confirm with . or Enter, or press ? or * to list all spells.
Aiming: Sandblast (safe; 1% risk of failure)
Press: ? - help, Shift-Dir - straight line
* * * LOW HITPOINT WARNING * * *
Something hits you.
* * * LOW HITPOINT WARNING * * *
Something shocks you.
* * * LOW HITPOINT WARNING * * *
Something hits you.
* * * LOW HITPOINT WARNING * * *
Something shocks you.
You die...

.. .. #. ##.
# .. .#
.#..#
##.#####{..#
.......@.#
.........#
#......###
##.#### #


There were no monsters in sight!

Vanquished Creatures
  An ogre (D:4)
  A phantom (D:4)
  A gnoll sergeant (D:5)
  A scorpion (D:4)
  A howler monkey (D:5)
  A jelly (D:4)
  2 hounds (D:4)
  An orc priest (D:4)
  A gnoll bouda (D:5)
  An iguana (D:4)
  2 orc wizards (D:4)
  7 adders
  7 gnolls (D:5)
  2 ufetubi
  3 worms
  4 dart slugs
  10 orcs
  8 ball pythons
  2 endoplasms
  2 giant cockroaches (D:3)
  9 goblins
  4 hobgoblins
  2 jackals (D:5)
  4 quokkas
  3 bats
  4 frilled lizards (D:1)
  3 kobolds
  3 rats
  A spectral orc (D:5)
91 creatures vanquished.

Vanquished Creatures (others)
  2 withered plants (D:5)
2 creatures vanquished.

Grand Total: 93 creatures vanquished

Notes
Turn   | Place    | Note
-------+----------+-------------------------------------------
     0 | D:1      | billz999 the Djinni Ice Elementalist began the quest for
                  | the Orb.
     0 | D:1      | billz999 set off with the following spells memorised:
                  | Freeze, Frozen Ramparts, Ozocubu's Armour, Summon Ice
                  | Beast.
     0 | D:1      | Reached XP level 1. HP: 15/15 MP: 0/0
   250 | D:1      | Reached XP level 2. HP: 21/21 MP: 0/0
   846 | D:1      | You are sucked into a shaft and drop 1 floor!
   857 | D:2      | Reached XP level 3. HP: 12/25 MP: 0/0
   857 | D:2      | Learned a level 1 spell: Sandblast
   953 | D:2      | Reached skill level 4 in Spellcasting
  1758 | D:3      | Reached XP level 4. HP: 26/31 MP: 0/0
  2765 | D:4      | Reached XP level 5. HP: 31/35 MP: 0/0
  2765 | D:4      | Learned a level 2 spell: Poisonous Vapours
  2767 | D:4      | Reached skill level 5 in Spellcasting
  2767 | D:4      | Reached skill level 1 in Fighting
  3088 | D:4      | Reached skill level 1 in Shields
  3088 | D:4      | Reached XP level 6. HP: 33/43 MP: 0/0
  3165 | D:4      | Noticed an ogre
  3172 | D:4      | Killed an ogre
  3181 | D:4      | Reached XP level 7. HP: 37/50 MP: 0/0
  3181 | D:4      | Learned a level 2 spell: Ensorcelled Hibernation
  3890 | D:5      | Entered Level 5 of the Dungeon
  3908 | D:5      | Found a runed translucent door.
  3908 | D:5      | Noticed sokol815's ghost (weakling KoDe)
  4153 | D:5      | Found a snail-covered altar of Cheibriados.
  4206 | D:5      | HP: 1/52 [gnoll sergeant/+0 spear (3)]
  4213 | D:5      | Reached XP level 8. HP: 3/58 MP: 0/0
  4640 | D:5      | Found a shimmering altar of Xom.
  4642 | D:5      | Found a bloodstained altar of Trog.
  4864 | D:5      | Found a basalt altar of Yredelemnul.
  5003 | D:6      | Slain by a sky beast

Illustrated notes

Levels and vault maps discovered:
D:1:      saegor_arrival_simple_e, layout_loops_corners,
          amcnicky_mini_corridor_feature, minmay_small_reverse_x
D:2:      layout_rooms
D:3:      layout_basic
D:4:      layout_basic
D:5:      layout_cave_pools, slow_altar_2, yredelemnul_forgotten_temple_becter,
          chequers_temple_overflow_statue_of_worship, gammafunk_ghost_grave
D:6:      minmay_evil_eye, layout_rooms, temple_pool_b, kennysheep_another_room

Skill      XL: |  1  2  3  4  5  6  7 |
---------------+----------------------+-----
Spellcasting   | 4 5 |  5.0
Fighting       | 1 3 4 |  4.8
Shields        | 1 2 4 |  4.5
Dodging        | |  2.2
Stealth        | |  1.6

Action                   |  1- 3 |  4- 6 |  7- 9 || total
-------------------------+-------+-------+-------++-------
Melee: Quarterstaff      |     1 |     2 |       ||     3
 Cast: Freeze            |    50 |    26 |     2 ||    78
       Frozen Ramparts   |     3 |    10 |     9 ||    22
       Sandblast         |       |    14 |    40 ||    54
       Poisonous Vapours |       |       |    36 ||    36
Evoke: Wand              |       |       |     3 ||     3
  Use: Scroll            |     1 |     3 |     1 ||     5
       Potion            |       |     1 |     1 ||     2
Armor: Robe              |     1 |     4 |     6 ||    11
Dodge: Dodged            |    17 |    11 |     9 ||    37

Table legend: (Time is in decaauts)
 A = Elapsed time spent in this place.
 B = Non-inter-level travel time spent in this place.
 C = Inter-level travel time spent in this place.
 D = Time resting spent in this place.
 E = Time spent auto-exploring this place.
 F = Levels seen in this place.
 G = Mean time per level.
                   A        B        C        D        E       F      G
               +--------+--------+--------+--------+--------+-----+--------+
         Total |   5027 |   4907 |    120 |    877 |   3400 |   6 |  837.8 |
       Dungeon |   5027 |   4907 |    120 |    877 |   3400 |   6 |  837.8 |
               +--------+--------+--------+--------+--------+-----+--------+

Top non-repeatable levels by time:
     D:4: 1636 daAuts
     D:3: 1029 daAuts
     D:5: 923 daAuts
     D:1: 846 daAuts
     D:2: 581 daAuts
     D:6: 10 daAuts
